 Dungeon Crawl Stone Soup version 0.31-a0-430-gf8416d752b (console) character file.

Game seed: 3420666050626001337

53 Lexodia the Vexing (level 3, -4/14 HPs)
             Began as a Felid Enchanter on July 31, 2023.
             Slain by an iguana (13 damage)
             ... on level 4 of the Dungeon.
             The game lasted 00:03:06 (1316 turns).

Lexodia the Vexing (Felid Enchanter)                Turns: 1316, Time: 00:03:06

Health: -4/14      AC:  1    Str:  4    XL:     3   Next: 64%
Magic:  3/7        EV: 18    Int: 16    God:
Gold:   85         SH:  0    Dex: 18    Spells: 4/6 levels left
                                        Lives:  0   Deaths: 0

rFire   . .          .
                       - Unarmed
rCold   . . .        (shield unavailable)
rNeg    . . .        (body armour unavailable)
rPois   .            (helmet unavailable)
rElec   .            (cloak unavailable)
rCorr   .            (gloves unavailable)
SInv    +            (boots unavailable)
Will    .....        (no amulet)
Stlth   +++          (no ring)
HPRegen 0.22/turn    (no ring)
MPRegen 0.10/turn

%: no passive effects
@: quick
A: very small, claws 1, fangs 3, see invisible, speed 1, shaggy fur 1, stealthy
paws, no weapons or thrown items, no armour, multi-lived
a: no special abilities


You were on level 4 of the Dungeon.
You visited 1 branch of the dungeon, and saw 4 of its levels.

You collected 85 gold pieces.

Inventory:

Scrolls
 b - a scroll of fog {unknown}
 c - a scroll of brand weapon {unknown}
 d - a scroll of identify {unknown}
 f - a scroll of butterflies {unknown}
 i - a scroll of teleportation {unknown}
 j - a scroll of noise {unknown}
Potions
 a - 2 potions of invisibility
 e - a potion of berserk rage {unknown}
 g - a potion of magic {unknown}
 h - a potion of heal wounds {unknown}


   Skills:
 - Level 3.0 Dodging
 + Level 4.5 Stealth
 * Level 2.3 Unarmed Combat
 + Level 2.4 Spellcasting
 + Level 4.9 Hexes


You had 4 spell levels left.
You knew the following spells:

 Your Spells              Type           Power      Damage    Failure   Level
a - Ensorcelled Hibernat  Hex/Ice        18%        N/A       11%         2

Your spell library contained the following spells:

 Spells                   Type           Power      Damage    Failure   Level
 Confusing Touch          Hex            17%        N/A       8%          3
 Tukima's Dance           Hex            17%        N/A       8%          3
 Dazzling Flash           Conj/Hex       18%        N/A       22%         3


Dungeon Overview and Level Annotations

Branches:
Dungeon (4/15)
 Temple: D:4-7

Altars:
Vehumet

Shops:
D:3 *

Annotations:
D:3 1 runed translucent door, MrAu's ghost, amateur DsFi


Innate Abilities, Weirdness & Mutations

You have sharp claws.
You have razor-sharp teeth.
You have supernaturally acute eyesight. (SInv)
You cover ground quickly. (Speed+)
You are covered in fur. (AC +1)
Your paws help you pounce on unaware monsters.
You are incapable of wielding weapons or throwing items.
You cannot wear armour.
You gain extra lives every three experience levels.


Message History

The iguana completely misses you.
The iguana resists with significant effort.
The iguana bites you.
Huge Dmg: -22%(-3hp) hp: 43%(6hp)
You are too injured to fight recklessly!
Casting: Ensorcelled Hibernation (safe; 11% risk of failure)
Confirm with . or Enter, or press ? or * to list all spells.
Aiming: Ensorcelled Hibernation (safe; 11% risk of failure)
Press: ? - help, Shift-Dir - straight line, f/p - iguana
Aim: an iguana (chance to affect: 51%)
You miscast Ensorcelled Hibernation.
You are very lightly contaminated with residual magic.
Nothing appears to happen.
The iguana bites you.
* * * LOW HITPOINT WARNING * * *
Huge Dmg: -28%(-4hp) hp: 15%(2hp) Unknown command.
Your magical contamination has completely faded away.
There is a stone staircase leading up here.
You can't go down here!
You climb upwards.
Level annotation: 1 runed translucent door, MrAu's ghost, amateur DsFi
There is a stone staircase leading down here.
You start resting.
HP restored.
You start resting.
Magic restored.
You climb downwards.
The iguana closely misses you. The iguana bites you.
There is a stone staircase leading up, spattered with blood here.
Huge Dmg: -42%(-6hp) hp: 58%(8hp)
The iguana resists with significant effort.
The iguana misses you.
The iguana looks drowsy...
The helpless iguana fails to defend itself.
You claw the iguana!
The iguana is severely wounded.
You scratch the iguana but do no damage.
The iguana is severely wounded.
The iguana bites you!
Ouch! That really hurt!
You die...

. .... .. ###... #..
#####....
#....####.....#..
#.............#.#
#.....###...#.#.##
#.........#l#.#..#
#....####.#.#.#.######
#.. #.#.#.@l...... #
#.......######
###.##.....#
...###....# #.####
.#### # .# .. ##


You could see an iguana.

Vanquished Creatures
  An adder (D:3)
  A worm (D:3)
  A dart slug (D:1)
  4 bats (D:1)
  6 endoplasms
  3 goblins (D:1)
  3 hobgoblins
  3 jackals (D:1)
  2 quokkas
  2 ball pythons
  2 frilled lizards
  4 kobolds (D:1)
  4 rats
36 creatures vanquished.

Notes
Turn   | Place    | Note
-------+----------+-------------------------------------------
     0 | D:1      | Lexodia the Felid Enchanter began the quest for the Orb.
     0 | D:1      | Reached XP level 1. HP: 7/7 MP: 4/4
    26 | D:1      | Huge Dmg: 2 dmg
    99 | D:1      | Reached XP level 2. HP: 11/11 MP: 6/6
   211 | D:1      | Learned a level 2 spell: Ensorcelled Hibernation
   321 | D:1      | Huge Dmg: 3 dmg
   398 | D:1      | Huge Dmg: 4 dmg
   463 | D:1      | Huge Dmg: 3 dmg
   616 | D:1      | Reached XP level 3. HP: 12/14 MP: 4/7
   869 | D:3      | Found a runed translucent door.
   966 | D:2      | Huge Dmg: 4 dmg
  1095 | D:2      | Found a radiant altar of Vehumet.
  1103 | D:3      | Found Lakioch's General Store.
  1173 | D:3      | Huge Dmg: 4 dmg
  1180 | D:3      | Noticed MrAu's ghost (amateur DsFi)
  1250 | D:4      | Huge Dmg: 5 dmg
  1252 | D:4      | Huge Dmg: 3 dmg
  1253 | D:4      | Huge Dmg: 4 dmg
  1313 | D:4      | Huge Dmg: 6 dmg
  1316 | D:4      | Slain by an iguana

Illustrated notes

Levels and vault maps discovered:
D:1:      saegor_arrival_simple_e, layout_basic,
          hangedman_abyss_or_decor_lesser_grid, feat_on_display
D:2:      layout_loops_cross, basic_altar, serial_shops, shop
D:3:      layout_loops_ring, serial_shops, shop, ebering_ghost_sewer_f
D:4:      layout_basic, gammafunk_ghost_icy,
          minmay_a_box_with_orc_wizards_in_it, uniq_ijyb

Skill      XL: |  1  2 |
---------------+-------+-----
Dodging        | 3 |  3.0
Unarmed Combat | 2 |  2.3
Stealth        | |  4.5
Spellcasting   | |  2.4
Hexes          | |  4.9

Action                     || total
---------------------------++-------
  Melee: Unarmed           ||    72
         Bite              ||     3
         Punch             ||     1
   Cast: Ensorcelled Hiber ||    15
   Stab: Sleeping          ||    21
 Armour: Skin              ||     2
  Dodge: Dodged            ||    42

Table legend: (Time is in decaauts)
 A = Elapsed time spent in this place.
 B = Non-inter-level travel time spent in this place.
 C = Inter-level travel time spent in this place.
 D = Time resting spent in this place.
 E = Time spent auto-exploring this place.
 F = Levels seen in this place.
 G = Mean time per level.
                   A        B        C        D        E       F      G
               +--------+--------+--------+--------+--------+-----+--------+
         Total |   1130 |   1078 |     52 |     71 |    761 |   4 |  282.5 |
       Dungeon |   1130 |   1078 |     52 |     71 |    761 |   4 |  282.5 |
               +--------+--------+--------+--------+--------+-----+--------+

Top non-repeatable levels by time:
     D:1: 725 daAuts
     D:2: 202 daAuts
     D:3: 173 daAuts
     D:4: 29 daAuts
